 Dungeon Sprint DCSS version 0.29-a0-925-g0a7a3d12f8 (webtiles) character file.

Game seed: 13753628299791377958

2613 Hipnos the Fencer (level 9, -1/145 HPs)
             Began as a Minotaur Berserker on July 28, 2022.
             Was a Priest of Trog.
             Succumbed to a death drake's foul vapour
             ... in the Dungeon (Sprint II: "The Violet Keep of Menkaure").
             The game lasted 00:06:37 (856 turns).

Hipnos the Fencer (Minotaur Berserker)               Turns: 856, Time: 00:06:38

Health: -1/145     AC:  2    Str: 23    XL:     9   Next: 34%
Magic:  8/8        EV: 14    Int:  4    God:    Trog [***...]
Gold:   204        SH:  0    Dex:  8    Spells: 8/8 levels left

rFire   + + +      SeeInvis .   a - +0 falchion
rCold   . . .      Faith    .   (no shield)
rNeg    . . .      Spirit   .   b - +0 animal skin
rPois   .          Reflect  .   (helmet restricted)
rElec   .          Harm     .   (no cloak)
rCorr   .          Rampage  .   (no gloves)
Will    +....      NoTele   +   (no boots)
Stlth   ..........              i - amulet "Roplafir" {rF+++ Will- Regen+ Dex-5}
HPRegen 2.14/turn               (no ring)
MPRegen 0.11/turn               (no ring)

@: berserking, lethally poisoned (-1 -> -17), strong-willed, regenerating,
slowed
A: horns 2, retaliatory headbutt
a: Renounce Religion, Berserk, Trog's Hand


You were in the Dungeon.
You worshipped Trog.
Trog was most pleased with you.
You visited 1 branch You collected 891 gold pieces.
You spent 687 gold pieces at shops.

Inventory:

Hand Weapons
 a - a +0 falchion (weapon)
Armour
 b - a +0 animal skin (worn)
Jewellery
 i - the amulet "Roplafir" (around neck) {rF+++ Will- Regen+ Dex-5}
   (You bought it in a shop in the Dungeon)

   [amulet of regeneration]

   Dex:       It affects your dexterity (-5).
   rF:        It renders you almost immune to fire.
   Regen:     It increases your rate of health regeneration.
   Will:      It decreases your willpower.
Scrolls
 h - a scroll of blinking
Potions
 d - a potion of heal wounds
 e - a potion of haste
 f - 2 potions of magic
 g - a potion of berserk rage


   Skills:
 + Level 15.4 Fighting
 + Level 17.0 Long Blades
 + Level 7.5 Armour
 + Level 8.3 Dodging
 + Level 3.4 Stealth


You had 8 spell levels left.
You didn't know any spells.
Your spell library was empty.

Dungeon Overview and Level Annotations

Branches:
Dungeon (1/1)

Altars:
Cheibriados
Dithmenos
Elyvilon
Fedhas
Hepliaklqana
Kikubaaqudgha
Makhleb
Qazlal
Ru
Sif Muna
Trog
Uskayaw
Vehumet
Wu Jian
Xom
Yredelemnul
Zin
The Shining One
Jiyva
Lugonu

Shops:
D !=:[**=!:?[?(=:

Annotations:
D exclusions: obsidian statue and oklob plant


Innate Abilities, Weirdness & Mutations

You have a pair of horns on your head.
You reflexively headbutt those who attack you in melee.


Message History

The swamp drake dies!
Trog accepts your kill.
You can now call in reinforcements.
The swamp drake breathes poison at you.
The noxious blast engulfs the death drake but does no damage.
The death drake completely misses you.
Your ogre is engulfed in noxious fumes.
Your ogre appears confused.
Your Long Blades skill increases to level 17!
A red film seems to cover your vision as you go berserk!
You feel yourself moving faster!
You feel mighty!
You can no longer call in reinforcements.
You are engulfed in noxious fumes.
The death drake breathes miasma at you. The foul vapour engulfs you!!
You are poisoned.
The death drake breathes miasma at you. The foul vapour engulfs you!
You are more poisoned.
Your ogre is engulfed in noxious fumes.
The death drake barely misses you. The death drake bites you!
* * * LOW HITPOINT WARNING * * *
Your ogre rages.
You miss the death drake.
The death drake is lightly wounded.
You feel extremely sick. The death drake barely misses you.
You furiously retaliate!
You headbutt the death drake! The death drake bites you!
* * * LOW HITPOINT WARNING * * *
The swamp drake bites you!
* * * LOW HITPOINT WARNING * * *
You miss the death drake. Your headbutt misses the death drake.
The death drake is moderately wounded.
* * * LOW HITPOINT WARNING * * *
You feel very sick. The death drake barely misses you.
The death drake bites you but does no damage.
The swamp drake bites you!
* * * LOW HITPOINT WARNING * * *
You barely miss the death drake.
The death drake is moderately wounded.
You die...

≈≈§°°≈≈# ... +++#+++## ..
## .÷......# .. .#
.##'##..# #. .#
##.#.##.#### +.##.#
#..##.#....# ...####
##..#####..#####9.##.#
###'###.##..#.Okkk#..#
###.##.).#..#.°#@.#.†# (
.'.<.'.#.+..####°°##)# $[$
###.##...#....###°°°##▓▓▓▓▓
# #†###.##......≈°°°°≈≈≈≈≈≈
##.#.####≈≈§§...≈#+########
#.. ..#≈≈≈≈§≈§..≈#.._._._.#
##. .##≈≈≈≈§≈≈≈.≈#._._._..#
≈##+##≈≈≈≈≈≈≈≈≈≈≈#_._._._.#
≈≈≈≈≈≈≈≈§≈≈≈≈§≈§≈#._._._._#


You could see 2 death drakes, a crystal guardian, a swamp drake and a friendly
ogre (summoned, berserk, confused).

Vanquished Creatures
  A merfolk siren (D)
  A yaktaur (D)
  A hornet (D)
  3 yaks (D)
  A water moccasin (D)
  5 scorpions (D)
  4 necrophages (D)
  3 worms (D)
19 creatures vanquished.

Vanquished Creatures (collateral kills)
  3 polar bears (D)
  A water moccasin (D)
  A swamp drake (D)
5 creatures vanquished.

Vanquished Creatures (others)
  Menkaure (D)
1 creature vanquished.

Grand Total: 25 creatures vanquished

Notes
Turn   | Place    | Note
-------+----------+-------------------------------------------
     0 | D        | Hipnos the Minotaur Berserker began the quest for the Orb.
     0 | D        | Reached XP level 1. HP: 19/19 MP: 0/0
     1 | D        | Noticed a scorpion
     1 | D        | Noticed a scorpion
     5 | D        | Killed a scorpion
     6 | D        | Reached skill level 6 in Long Blades
     6 | D        | Reached XP level 2. HP: 31/31 MP: 1/1
     6 | D        | Reached XP level 3. HP: 38/38 MP: 2/2
    10 | D        | Killed a scorpion
    11 | D        | Reached skill level 8 in Long Blades
    11 | D        | Reached XP level 4. HP: 48/48 MP: 3/3
    11 | D        | Noticed a scorpion
    11 | D        | Noticed a scorpion
    17 | D        | Killed a scorpion
    17 | D        | Reached ** piety under Trog
    18 | D        | Reached skill level 9 in Long Blades
    18 | D        | Reached XP level 5. HP: 45/57 MP: 4/4
    19 | D        | Reached skill level 5 in Armour
   144 | D        | Killed Menkaure
   205 | D        | Noticed a merfolk siren
   215 | D        | Killed a merfolk siren
   216 | D        | Reached skill level 12 in Long Blades
   216 | D        | Reached skill level 5 in Dodging
   216 | D        | Reached skill level 1 in Stealth
   216 | D        | Reached XP level 6. HP: 69/69 MP: 5/5
   216 | D        | Reached XP level 7. HP: 75/75 MP: 6/6
   230 | D        | Reached *** piety under Trog
   244 | D        | Reached skill level 13 in Long Blades
   383 | D        | Reached **** piety under Trog
   396 | D        | Noticed an obsidian statue
   416 | D        | Found Faustafy's Jewellery Shoppe.
   416 | D        | Found Riojynk's Book Emporium.
   556 | D        | Found Icown's Antique Weapon Shoppe.
   557 | D        | Found Gaitakoe's Antique Armour Emporium.
   558 | D        | Found Sanesoge's Book Shoppe.
   559 | D        | Found Faleh's Distillery.
   559 | D        | Found Fisaokk's Magic Scroll Shoppe.
   559 | D        | Found Xenesch's Jewellery Emporium.
   560 | D        | Found Pymux's Magic Scroll Emporium.
   576 | D        | Found Junk's Assorted Antiques.
   576 | D        | Found Nietir's General Store.
   576 | D        | Noticed a slime creature
   649 | D        | Found Senen's Antique Armour Emporium.
   649 | D        | Noticed a slime creature
   649 | D        | Noticed a slime creature
   649 | D        | Noticed an oklob plant
   650 | D        | Found Ishrocuz's Jewellery Shoppe.
   650 | D        | Found Reew Lituu's Distillery.
   650 | D        | Found Guagadar's Book Shoppe.
   653 | D        | Bought the amulet "Roplafir" {rF+++ Will- Regen+ Dex-5} for
                  | 687 gold pieces
   704 | D        | Found a hazy altar of Hepliaklqana.
   704 | D        | Found a snail-covered altar of Cheibriados.
   705 | D        | Found a stormy altar of Qazlal.
   705 | D        | Found a viscous altar of Jiyva.
   705 | D        | Found a shadowy altar of Dithmenos.
   706 | D        | Found a sacrificial altar of Ru.
   706 | D        | Found an ancient bone altar of Kikubaaqudgha.
   706 | D        | Found a white marble altar of Elyvilon.
   707 | D        | Found an ornate altar of the Wu Jian Council.
   707 | D        | Found a shimmering blue altar of Sif Muna.
   707 | D        | Found a corrupted altar of Lugonu.
   707 | D        | Found a blossoming altar of Fedhas.
   708 | D        | Found a shimmering altar of Xom.
   708 | D        | Found a bloodstained altar of Trog.
   708 | D        | Found a burning altar of Makhleb.
   709 | D        | Found a glowing golden altar of the Shining One.
   709 | D        | Found a basalt altar of Yredelemnul.
   709 | D        | Found a hide-covered altar of Uskayaw.
   710 | D        | Found a glowing silver altar of Zin.
   712 | D        | Found a radiant altar of Vehumet.
   712 | D        | Noticed a polar bear
   712 | D        | Noticed a polar bear
   712 | D        | Noticed a polar bear
   714 | D        | Killed a polar bear
   715 | D        | Reached skill level 14 in Long Blades
   715 | D        | Reached XP level 8. HP: 86/86 MP: 7/7
   715 | D        | Noticed a yaktaur
   717 | D        | Killed a polar bear
   718 | D        | Reached skill level 15 in Long Blades
   722 | D        | Killed a polar bear
   722 | D        | Reached ***** piety under Trog
   724 | D        | Noticed a hornet
   731 | D        | Killed a yaktaur
   732 | D        | Paralysed by a hornet for 1 turns
   736 | D        | Killed a hornet
   737 | D        | Reached skill level 16 in Long Blades
   737 | D        | Reached XP level 9. HP: 84/96 MP: 8/8
   791 | D        | Reached skill level 15 in Fighting
   842 | D        | Noticed a death drake
   846 | D        | Noticed a death drake
   850 | D        | Noticed a crystal guardian
   853 | D        | Reached skill level 17 in Long Blades
   855 | D        | HP: 3/145 [swamp drake (10)]
   856 | D        | Succumbed to a death drake's foul vapour

Illustrated notes

Levels and vault maps discovered:
D:        the_violet_keep_of_menkaure [sprint2_stairs_cluster_1,
          sprint2_shoproom, sprint2_temple, sprint2_basic_supplies,
          sprint2_obstacle_7, sprint2_obstacle_4, sprint2_obstacle_3,
          sprint2_obstacle_1, sprint2_obstacle_2, sprint2_timed_cluster_1,
          sprint2_smallroom_cluster_1, sprint2_smallroom_final_cluster_1,
          sprint2_transparent_cluster_1, sprint2_second_timed_cluster_1,
          sprint2_sniper_area_1, sprint2_heavy_combat_area_1,
          sprint2_mutation_trap_area_1, sprint2_forest_area_1,
          sprint2_light_combat_area_1, sprint2_behind_water_1,
          sprint2_near_end_vault_1]

Skill      XL: |  1  2  3  4  5  6  7  8  9 |
---------------+----------------------------+-----
Fighting       | 6 8 9 11 13 14 15 | 15.4
Long Blades    | 6 8 9 12 14 16 17 | 17.0
Armour         | 3 4 6 7 |  7.5
Dodging        | 3 4 5 6 7 8 |  8.3
Stealth        | 1 2 3 |  3.4

Action                   |  1- 3 |  4- 6 |  7- 9 || total
-------------------------+-------+-------+-------++-------
Melee: Falchion          |     6 |    15 |    78 ||    99
       Headbutt          |     2 |     4 |    13 ||    19
       Punch             |       |       |     4 ||     4
Invok: Berserk           |     1 |       |     4 ||     5
       Brothers in Arms  |       |       |     3 ||     3
       Trog's Hand       |       |       |     3 ||     3
  Use: Potion            |       |       |     1 ||     1
 Stab: Sleeping          |       |       |     1 ||     1
Armor: Animal skin       |       |       |     2 ||     2
Dodge: Dodged            |     4 |     4 |    29 ||    37

Table legend: (Time is in decaauts)
 A = Elapsed time spent in this place.
 B = Non-inter-level travel time spent in this place.
 C = Inter-level travel time spent in this place.
 D = Time resting spent in this place.
 E = Time spent auto-exploring this place.
 F = Levels seen in this place.
 G = Mean time per level.
                   A        B        C        D        E       F      G
               +--------+--------+--------+--------+--------+-----+--------+
         Total |    894 |    894 |      0 |    576 |      0 |   1 |  894.0 |
       Dungeon |    894 |    894 |      0 |    576 |      0 |   1 |  894.0 |
               +--------+--------+--------+--------+--------+-----+--------+

Top non-repeatable levels by time:
       D: 894 daAuts
